[Event "fics rated crazyhouse match"]
[Site "fics, Oklahoma City, OK USA"]
[Date "2000.12.25"]
[White "LINDEGREN"]
[WhiteElo "2318"]
[Black "Thufir"]
[BlackElo "2354"]
[TimeControl "60+0"]
[Result "0-1"]

1. e4 e6 2. Nc3 d6 3. d4 Bd7 4. Nf3 Nf6 5. Bd3 Be7 6. O-O 
Nc6 7. d5 Ne5 8. Nxe5 dxe5 9. dxe6 fxe6 10. N@g5 O-O 11. P@f5 exf5 
12. exf5 P@f7 13. P@g6 fxg6 14. fxg6 hxg6 15. Bxg6 P@h7 16. P@f7+ Kh8 17. Bxh7 
Nxh7 18. Nxh7 Kxh7 19. Qd3+ B@f5 20. P@e4 Bg6 21. Nd5 Bxf7 22. Nxe7 Qxe7 
23. N@g5+ Kh8 24. B@f5 Bxf5 25. exf5 P@h7 26. P@g6 hxg6 27. fxg6 B@c4 28. Qh3+ 
P@h6 29. gxf7 Bxf7 30. Nxf7+ Rxf7 31. Bxh6 gxh6 32. Qxh6+ B@h7 33. P@g6 N@f5 
34. B@g5 Nxh6 35. B@e3 N@h3+ 36. gxh3 N@f3+ 37. Kh1 P@g2+ 38. Kxg2 N@h4+ 39. Bxh4 
Nxh4# 
{LINDEGREN resigns} 0-1

[Event "fics rated crazyhouse match"]
[Site "fics, Oklahoma City, OK USA"]
[Date "2000.12.25"]
[White "Thufir"]
[WhiteElo "2361"]
[Black "LINDEGREN"]
[BlackElo "2311"]
[TimeControl "60+0"]
[Result "0-1"]

1. e4 Nf6 2. e5 Nc6 3. exf6 gxf6 4. d3 d5 5. Nf3 Rg8 6. Rg1 
Bg4 7. Be2 P@e4 8. dxe4 dxe4 9. Nh4 Qxd1+ 10. Bxd1 Bxd1 11. Kxd1 Rd8+ 
12. P@d3 exd3 13. cxd3 P@c2+ 14. Kxc2 Nd4+ 15. Kc3 Q@c2+ 16. Kb4 e5+ 17. Ka5 
B@b6# 
{Thufir checkmated} 0-1

[Event "fics rated crazyhouse match"]
[Site "fics, Oklahoma City, OK USA"]
[Date "2000.12.25"]
[White "LINDEGREN"]
[WhiteElo "2320"]
[Black "Thufir"]
[BlackElo "2352"]
[TimeControl "60+0"]
[Result "0-1"]

1. e4 e6 2. Nc3 Nc6 3. d4 Nf6 4. Nf3 Bb4 5. Bd3 d5 6. exd5 
exd5 7. Qe2+ P@e4 8. P@g5 Qe7 9. gxf6 gxf6 10. N@g7+ Kd8 11. O-O P@g4 
12. Bxe4 dxe4 13. Qxe4 gxf3 14. Qxe7+ Bxe7 15. Q@g3 Nxd4 16. Rd1 B@e5 17. Rxd4+ 
Bxd4 18. N@h6 R@e1# 
{LINDEGREN checkmated} 0-1

[Event "fics rated crazyhouse match"]
[Site "fics, Oklahoma City, OK USA"]
[Date "2000.12.25"]
[White "Thufir"]
[WhiteElo "2359"]
[Black "LINDEGREN"]
[BlackElo "2313"]
[TimeControl "60+0"]
[Result "1-0"]

1. e4 Nf6 2. e5 Nc6 3. exf6 gxf6 4. d4 d5 5. Nc3 Rg8 6. N@h5 
Bg4 7. Be2 Bxe2 8. Ngxe2 Rxg2 9. Nef4 B@g4 10. B@e2 Bxh5 11. Bxh5 P@g6 
12. Nxg2 gxh5 13. B@b5 B@g6 14. R@g8 P@g7 15. Nf4 Qd7 16. Ncxd5 e6 17. Bxc6 
bxc6 18. P@e7 Qxe7 19. Nxe7 Kxe7 20. N@c5 B@c8 21. Nxg6+ hxg6 22. B@f3 P@d5 
23. Qe2 N@f5 24. Rg1 Nxd4 25. Qd3 Nxf3+ 26. Qxf3 N@d4 27. Qd1 N@f3+ 28. Kf1 
Nxh2+ 29. Kg2 B@f3+ 30. Qxf3 Nhxf3 31. B@d8+ Ke8 32. Rxf8+ Kxf8 33. Q@h8+ R@g8 
34. B@e7+ Ke8 35. Qxg8# 
{LINDEGREN forfeits on time} 1-0

[Event "fics rated crazyhouse match"]
[Site "fics, Oklahoma City, OK USA"]
[Date "2000.12.25"]
[White "LINDEGREN"]
[WhiteElo "2306"]
[Black "Thufir"]
[BlackElo "2366"]
[TimeControl "60+0"]
[Result "0-1"]

1. e4 e6 2. Nc3 d6 3. d4 Bd7 4. Nf3 Nf6 5. Bd3 Be7 6. O-O 
Nc6 7. d5 exd5 8. exd5 Ne5 9. Nxe5 dxe5 10. N@g5 Nxd5 11. Nxf7 Nxc3 
12. Nxh8 Be6 13. bxc3 N@h4 14. Qh5+ N@g6 15. Nxg6 hxg6 16. Bxg6+ Nxg6 17. Qxg6+ 
B@f7 18. R@h8+ N@f8 19. Qxg7 Kd7 20. Be3 Bf6 21. Rfd1+ P@d4 22. Rxf8 Bxg7 
23. Rxd8+ Rxd8 24. P@c6+ bxc6 25. N@c5+ Ke7 26. Bg5+ P@f6 27. N@b4 P@d7 28. P@h6 
fxg5 29. hxg7 B@f6 30. B@f8+ Rxf8 31. gxf8=Q+ Kxf8 32. N@h7+ Kg7 33. Nxf6 Kxf6 
34. N@e4+ Ke7 35. B@f6+ Kf8 36. R@d8+ N@e8 37. Q@h8+ Bg8 38. P@g7+ Kf7 39. Nxg5+ 
Kxf6 40. P@h5 B@f5 41. Nce4+ Bxe4 42. Nxe4+ Kf5 43. B@f3 N@h3+ 44. gxh3 R@g5+ 
45. P@g4+ Kf4 46. N@g2+ Kxf3 47. Rd3+ Ke2 
{LINDEGREN forfeits on time} 0-1

[Event "fics rated crazyhouse match"]
[Site "fics, Oklahoma City, OK USA"]
[Date "2000.12.25"]
[White "Thufir"]
[WhiteElo "2373"]
[Black "LINDEGREN"]
[BlackElo "2299"]
[TimeControl "60+0"]
[Result "0-1"]

1. e4 Nf6 2. e5 Nc6 3. exf6 gxf6 4. d4 d5 5. Nc3 Rg8 6. Bb5 
Bd7 7. Nxd5 e6 8. Ne3 P@f4 9. Bxc6 Bxc6 10. P@e5 fxe3 11. Bxe3 Bxg2 
12. exf6 Bxh1 13. P@e7 Bxe7 14. fxe7 Qxe7 15. P@e5 Rxg1+ 16. N@f1 Rxf1+ 17. Kxf1 
P@g2+ 18. Ke2 B@f1+ 19. Kd2 P@c3+ 20. Kc1 cxb2+ 21. Kxb2 N@c4+ 22. Kc3 N@e4+ 
23. Kb3 R@a3# 
{Thufir checkmated} 0-1

[Event "fics rated crazyhouse match"]
[Site "fics, Oklahoma City, OK USA"]
[Date "2000.12.25"]
[White "LINDEGREN"]
[WhiteElo "2309"]
[Black "Thufir"]
[BlackElo "2363"]
[TimeControl "60+0"]
[Result "1-0"]

1. e4 e6 2. Nc3 d6 3. d4 Bd7 4. Nf3 Nf6 5. Bd3 Be7 6. O-O 
Nc6 7. d5 exd5 8. exd5 Ne5 9. Nxe5 dxe5 10. N@g5 O-O 11. P@e6 fxe6 
12. dxe6 Be8 13. P@f7+ Rxf7 14. Nxf7 Bxf7 15. exf7+ Kxf7 16. B@b3+ P@e6 17. Bxh7 
Nxh7 18. Qxd8 Rxd8 19. P@g6+ Kxg6 20. Bxe6 N@d6 21. P@f5+ Kh5 22. Q@g6+ Kh4 
23. R@h5# 
{Thufir checkmated} 1-0

[Event "fics rated crazyhouse match"]
[Site "fics, Oklahoma City, OK USA"]
[Date "2000.12.25"]
[White "Thufir"]
[WhiteElo "2354"]
[Black "LINDEGREN"]
[BlackElo "2318"]
[TimeControl "60+0"]
[Result "1-0"]

1. e4 Nf6 2. e5 Nd5 3. d4 e6 4. Nf3 d6 5. Be2 Nc6 6. O-O 
Bd7 7. c4 Nb6 8. exd6 Bxd6 9. P@c5 P@e4 10. cxd6 exf3 11. dxc7 Qxc7 
12. Bxf3 N@f5 13. P@c3 Rg8 14. P@c5 Nc8 15. d5 exd5 16. cxd5 Ne5 17. B@d6 
Ncxd6 18. cxd6 Qxd6 19. N@e4 Nxf3+ 20. Qxf3 Qe7 21. N@c7+ Kf8 22. Nxa8 B@b8 
23. P@e6 fxe6 24. Ng5 B@g6 25. dxe6 Bxe6 26. Nxe6+ Qxe6 27. P@c7 Bxc7 28. Nxc7 
Qe7 29. B@a3 P@d6 30. Nd5 N@e5 31. Qf4 Qf7 32. R@c8+ Qe8 33. Bxd6+ P@e7 
34. Rxe8+ Kxe8 35. Bxe5 R@d8 36. Nc7+ Kf8 37. N@e6+ Kf7 38. Nxd8+ Rxd8 39. B@e6+ 
Kf8 40. Bxf5 
{LINDEGREN forfeits on time} 1-0

[Event "fics rated crazyhouse match"]
[Site "fics, Oklahoma City, OK USA"]
[Date "2000.12.25"]
[White "LINDEGREN"]
[WhiteElo "2311"]
[Black "Thufir"]
[BlackElo "2361"]
[TimeControl "60+0"]
[Result "0-1"]

1. e4 e6 2. Nc3 Nc6 3. d4 Nf6 4. a3 d5 5. exd5 exd5 6. Nf3 
Bg4 7. Be2 P@e4 8. Ne5 Bxe2 9. Nxe2 B@h5 10. Nxc6 bxc6 11. N@e5 N@h4 
12. Rg1 Bd6 13. B@h3 Bxe5 14. dxe5 N@f3+ 15. gxf3 Nxf3+ 16. Kf1 Nxg1 17. Kg2 
Nxh3 18. Kxh3 Bg4+ 19. Kg2 B@f3+ 20. Kg3 Nh5# 
{LINDEGREN checkmated} 0-1

[Event "fics rated crazyhouse match"]
[Site "fics, Oklahoma City, OK USA"]
[Date "2000.12.25"]
[White "Thufir"]
[WhiteElo "2368"]
[Black "LINDEGREN"]
[BlackElo "2304"]
[TimeControl "60+0"]
[Result "0-1"]

1. e4 Nf6 2. e5 Nc6 3. exf6 gxf6 4. d3 d5 5. Nf3 Rg8 6. Rg1 
Bg4 7. Be2 P@e4 8. Nh4 Bxe2 9. Qxe2 Nd4 10. Qd2 B@g5 11. B@e3 Nxc2+ 
12. Qxc2 Bxh4 13. dxe4 dxe4 14. Qxe4 N@d3+ 15. Ke2 Nxc1+ 16. Rxc1 B@d3+ 17. Qxd3 
Qxd3+ 18. Kxd3 P@e4+ 19. Kxe4 f5+ 20. Kd3 P@e4+ 21. Ke2 Q@d3+ 22. Ke1 Qxe3+ 
23. P@e2 Bxf2+ 24. Kd1 Rd8+ 25. P@d2 B@a4+ 26. P@b3 Bh6 27. N@c4 Rxd2+ 28. Nbxd2 
Qxd2+ 29. Nxd2 N@e3# 
{Thufir checkmated} 0-1

[Event "fics rated crazyhouse match"]
[Site "fics, Oklahoma City, OK USA"]
[Date "2000.12.25"]
[White "LINDEGREN"]
[WhiteElo "2313"]
[Black "Thufir"]
[BlackElo "2359"]
[TimeControl "60+0"]
[Result "1-0"]

1. e4 e6 2. Nc3 d6 3. d4 Bd7 4. Nf3 Nf6 5. Bd3 Be7 6. O-O 
Nc6 7. d5 Nb4 8. Ng5 Nxd3 9. dxe6 fxe6 10. P@f7+ Kf8 11. cxd3 P@h6 
12. Nxh7+ Rxh7 13. P@g6 Rh8 14. f4 B@h5 15. Qe1 Bxg6 16. e5 Bxf7 17. exf6 
Bxf6 18. Ne4 Bd4+ 19. Be3 Bxe3+ 20. Qxe3 N@f5 21. Qe2 P@d5 22. Ng3 Nxg3 
23. hxg3 N@d4 24. Qf2 Nf5 25. B@d2 P@d4 26. Qe2 P@e3 27. Be1 B@h5 28. N@f3 
Bxf3 29. gxf3 N@h3+ 30. Kh2 Nxf4 31. gxf4 P@f2 32. Bxf2 exf2 33. P@g3 B@g1+ 
34. Rxg1 fxg1=Q+ 35. Rxg1 Ne3 36. Qf2 h5 37. B@h4 Qe8 38. P@f6 Nf5 39. fxg7+ 
Kxg7 40. P@f6+ Kh7 41. N@g5+ Kg6 42. B@g7 Nxg7 43. fxg7 Kxg7 44. f5 exf5 
45. Nh3 B@f6 46. Nf4 Bxh4 47. gxh4+ P@g4 48. B@g5 Bg6 49. Nxg6 Kxg6 50. N@f4+ 
Kf7 51. B@f1 Kg8 52. N@f6+ Kf7 53. Nxe8 Kf8 54. N@e5 P@g3+ 55. Rxg3 Kxe8 
56. Q@f7# 
{Thufir checkmated} 1-0

[Event "fics rated crazyhouse match"]
[Site "fics, Oklahoma City, OK USA"]
[Date "2000.12.25"]
[White "Thufir"]
[WhiteElo "2350"]
[Black "LINDEGREN"]
[BlackElo "2322"]
[TimeControl "60+0"]
[Result "0-1"]

1. e4 Nf6 2. e5 Nc6 3. exf6 gxf6 4. d3 d5 5. Nf3 Rg8 6. Rg1 
Bg4 7. Be2 P@e4 8. dxe4 dxe4 9. Nfd2 Bxe2 10. Qxe2 P@d3 11. Qxe4 dxc2 
12. Qxc2 B@d3 13. Qc5 e5 14. Qe3 Bxb1 15. B@a4 P@f4 16. Qf3 N@d4 17. Qh5 
Bg6 18. Qd1 Bb4 19. P@c3 Bxc3 20. bxc3 P@e2 21. cxd4 exd1=Q+ 22. Bxd1 Nxd4 
23. P@c3 P@e2 24. cxd4 exd1=Q+ 25. Kxd1 B@c2+ 26. Ke2 Bgd3+ 27. Kf3 Q@g4# 
{Thufir checkmated} 0-1

[Event "fics rated crazyhouse match"]
[Site "fics, Oklahoma City, OK USA"]
[Date "2000.12.25"]
[White "LINDEGREN"]
[WhiteElo "2331"]
[Black "Thufir"]
[BlackElo "2341"]
[TimeControl "60+0"]
[Result "1-0"]

1. e4 e6 2. Nc3 Nc6 3. d4 Nf6 4. a3 d5 5. exd5 Nxd5 6. Nf3 
Be7 7. Bb5 Bd7 8. Nxd5 exd5 9. Bxc6 Bxc6 10. Qe2 P@e4 11. Ne5 O-O 
12. P@h6 gxh6 13. Bxh6 N@f5 14. Bxf8 Qxf8 15. N@g4 Nxd4 16. N@h6+ Kh8 17. Nexf7+ 
Kg7 18. P@g5 Bxg5 19. Nxg5 Nxe2 20. Ne6+ Kh8 21. Nxf8 P@d2+ 22. Kf1 Ng3+ 
23. hxg3 Bb5+ 24. Kg1 Q@g7 25. N@f7+ Qxf7 26. Nxf7+ Kg7 27. Q@f6+ Kxf8 28. Q@e7+ 
Kg8 29. Qh8# 
{Thufir checkmated} 1-0

[Event "fics rated crazyhouse match"]
[Site "fics, Oklahoma City, OK USA"]
[Date "2000.12.25"]
[White "Thufir"]
[WhiteElo "2333"]
[Black "LINDEGREN"]
[BlackElo "2339"]
[TimeControl "60+0"]
[Result "1-0"]

1. e4 Nf6 2. e5 Nc6 3. exf6 gxf6 4. d3 d5 5. Nc3 Rg8 6. Nf3 
Bg4 7. Be2 e5 8. N@b5 P@d4 9. Nxd5 Bd6 10. Nxd6+ cxd6 11. B@c7 Bxf3 
12. Bxf3 N@h4 13. Bxd8 Nxf3+ 14. Qxf3 Rxd8 15. Nxf6+ Kf8 16. B@h6+ B@g7 17. Nxh7+ 
Ke8 18. Bxg7 Rxg7 19. N@f6+ Ke7 20. B@g5 N@e6 21. Nd5+ Kd7 22. Bxd8 Ncxd8 
23. Q@e7+ Kc8 24. P@d7+ Kb8 25. R@c8# 
{LINDEGREN checkmated} 1-0

[Event "fics rated crazyhouse match"]
[Site "fics, Oklahoma City, OK USA"]
[Date "2000.12.25"]
[White "LINDEGREN"]
[WhiteElo "2331"]
[Black "Thufir"]
[BlackElo "2341"]
[TimeControl "60+0"]
[Result "0-1"]

1. e4 e6 2. Nc3 d5 3. d4 dxe4 4. Nxe4 Nc6 5. Nf3 Nf6 6. Neg5 
P@g4 7. Bb5 gxf3 8. Qxf3 Bd7 9. Nxf7 Nxd4 10. Nxd8 Nxf3+ 11. gxf3 N@g2+ 
12. Kd1 Bxb5 13. P@d3 Rxd8 14. P@f7+ Kd7 15. N@e5+ Kc8 16. Q@a8+ N@b8 17. Be3 
P@d4 18. Bg5 B@f4 19. Bxf4 Nxf4 20. Re1 B@a5 21. B@d2 Bxd2 22. Kxd2 B@a5+ 
23. c3 dxc3+ 24. bxc3 Bxc3+ 25. Kc2 Bxe5 26. Qxb7+ Kxb7 27. P@b2 Bxd3+ 28. Kd2 
N@c4+ 29. Kd1 P@c2+ 30. Kc1 Bxb2# 
{LINDEGREN checkmated} 0-1

[Event "fics rated crazyhouse match"]
[Site "fics, Oklahoma City, OK USA"]
[Date "2000.12.25"]
[White "Thufir"]
[WhiteElo "2349"]
[Black "LINDEGREN"]
[BlackElo "2323"]
[TimeControl "60+0"]
[Result "1-0"]

1. e4 e6 2. d4 Nf6 3. e5 Nd5 4. Nf3 d6 5. Be2 Nc6 6. O-O 
dxe5 7. Nxe5 Nxe5 8. dxe5 N@f4 9. Bxf4 Nxf4 10. N@d3 Nxe2+ 11. Qxe2 B@b5 
12. P@h6 Rg8 13. N@h5 Bxd3 14. cxd3 B@g5 15. hxg7 Bxg7 16. P@f6 N@d4 17. Qg4 
B5xf6 18. Nxf6+ Bxf6 19. Qxg8+ N@f8 20. exf6 Qxf6 21. B@g7 Qe7 22. N@f6+ Kd8 
23. Bxf8 Qe8 24. B@e7# 
{LINDEGREN resigns} 1-0

[Event "fics rated crazyhouse match"]
[Site "fics, Oklahoma City, OK USA"]
[Date "2000.12.25"]
[White "LINDEGREN"]
[WhiteElo "2318"]
[Black "Thufir"]
[BlackElo "2354"]
[TimeControl "60+0"]
[Result "1-0"]

1. e3 e6 2. d4 d6 3. Nc3 Nf6 4. Nf3 Be7 5. Bd3 Nc6 6. O-O 
O-O 7. e4 e5 8. d5 Nd4 9. Nxd4 exd4 10. Ne2 N@h4 11. Nxd4 c5 
12. N@f5 cxd4 13. Nxh4 Bg4 14. f3 Bh5 15. Nf5 Bg6 16. P@h6 Bxf5 17. hxg7 
Kxg7 18. exf5 P@e3 19. P@g5 Ne8 20. N@h5+ Kg8 21. f6 Nxf6 22. gxf6 Bxf6 
23. B@h4 Bxh4 24. N@h6+ Kh8 25. Bxe3 P@g7 26. Bxh7 Kxh7 27. P@f6 dxe3 28. fxg7 
P@f2+ 29. Kh1 Kxh6 30. gxf8=Q+ Qxf8 31. Nf4 N@f5 32. R@h5+ Kg7 33. Qe2 N@g3+ 
34. hxg3 Nxg3+ 35. Kh2 Nxe2 36. N@f5+ Kf6 37. Rxh4 B@g1+ 38. Rxg1 fxg1=Q+ 39. Rxg1 
Nxf4 40. B@g5+ Kxf5 41. Bxf4 Kf6 42. B@g5+ Kg7 43. P@f6+ Kg6 44. P@h5+ Kf5 
45. P@g4# 
{Thufir checkmated} 1-0

[Event "fics rated crazyhouse match"]
[Site "fics, Oklahoma City, OK USA"]
[Date "2000.12.25"]
[White "Thufir"]
[WhiteElo "2345"]
[Black "LINDEGREN"]
[BlackElo "2327"]
[TimeControl "60+0"]
[Result "0-1"]

1. e4 Nf6 2. e5 Nc6 3. exf6 gxf6 4. d3 d5 5. Nf3 Rg8 6. Rg1 
Bg4 7. Be2 P@e4 8. Nh4 Bxe2 9. Qxe2 B@f3 10. Nxf3 exf3 11. Qxf3 Nd4 
12. Qd1 N@f3+ 13. Kf1 Nxh2+ 14. Ke1 Nhf3+ 15. Kf1 P@e2+ 16. Qxe2 Nh2+ 17. Ke1 
Nxe2 18. Kxe2 Rxg2 19. Rxg2 P@f3+ 20. Kd2 fxg2 21. B@h5 Q@g5+ 22. B@e3 Qxh5 
23. N@g3 B@b4+ 24. c3 g1=Q 25. Nxh5 R@d1+ 26. Kc2 Rxc1+ 27. Bxc1 B@d1+ 28. Kd2 
Nf3+ 29. Ke3 Bh6+ 30. P@f4 d4+ 31. Ke4 f5+ 32. Kxf5 Qg6# 
{Thufir checkmated} 0-1

[Event "fics rated crazyhouse match"]
[Site "fics, Oklahoma City, OK USA"]
[Date "2000.12.25"]
[White "LINDEGREN"]
[WhiteElo "2335"]
[Black "Thufir"]
[BlackElo "2337"]
[TimeControl "60+0"]
[Result "1-0"]

1. e4 e6 2. Nc3 d6 3. d4 Nc6 4. Nf3 Nf6 5. Bb5 Bd7 6. O-O 
Be7 7. d5 Ne5 8. Nxe5 dxe5 9. dxe6 fxe6 10. Bxd7+ Nxd7 11. P@f7+ Kxf7 
12. B@f5 exf5 13. exf5 Rf8 14. Qd5+ Ke8 15. P@e6 Nb6 16. Qxb7 Rxf5 17. P@f7+ 
Kf8 18. Qxa8 Rxf7 19. Qxd8+ Bxd8 20. R@g8+ Kxg8 21. exf7+ Kxf7 22. N@h8+ Ke6 
23. Q@f7+ Kd6 24. Ne4+ Kc6 25. Be3 P@d4 26. c4 dxe3 27. fxe3 N@e2+ 28. Kh1 
B@d6 29. P@b5+ Kb7 30. Nxd6+ Kb8 31. R@b7+ Ka8 32. Rxc7 Bxc7 33. Qxc7 R@b8 
34. P@b7+ Rxb7 35. Qxb7# 
{Thufir checkmated} 1-0

[Event "fics rated crazyhouse match"]
[Site "fics, Oklahoma City, OK USA"]
[Date "2000.12.25"]
[White "Thufir"]
[WhiteElo "2329"]
[Black "LINDEGREN"]
[BlackElo "2343"]
[TimeControl "60+0"]
[Result "1-0"]

1. e4 Nf6 2. e5 Nd5 3. d4 e6 4. Nf3 Nc6 5. c4 d6 6. cxd5 
exd5 7. Bb5 Bd7 8. Qe2 P@e4 9. N@h5 a6 10. Bxc6 bxc6 11. N@f6+ gxf6 
12. Nxf6+ Qxf6 13. exf6 Rg8 14. P@g7 Bxg7 15. Q@e7# 
{LINDEGREN checkmated} 1-0

[Event "fics rated crazyhouse match"]
[Site "fics, Oklahoma City, OK USA"]
[Date "2000.12.25"]
[White "LINDEGREN"]
[WhiteElo "2335"]
[Black "Thufir"]
[BlackElo "2337"]
[TimeControl "60+0"]
[Result "0-1"]

1. e4 e6 2. Nc3 Nf6 3. d4 Bb4 4. Bd3 Nc6 5. Nf3 d5 6. exd5 
exd5 7. Qe2+ Qe7 8. P@e5 Ne4 9. Bxe4 dxe4 10. Qxe4 B@f5 11. Qe2 P@e4 
12. N@h5 exf3 13. Nxg7+ Kd8 14. gxf3 Nxd4 15. Nxf5 Bxf5 16. Qd1 Bxc3+ 17. bxc3 
N@g2+ 18. Kf1 P@e2+ 19. Kxg2 Rg8+ 20. P@g3 exd1=Q 21. Rxd1 Q@h3+ 22. Kh1 Qxe5 
23. B@f1 Qh5 24. B@g5+ Rxg5 25. Rxd4+ P@d6 26. Bxg5+ Qxg5 27. R@f8+ B@e8 28. P@f4 
Qxd4 29. fxg5 R@g1+ 30. Kxg1 N@e2+ 31. Bxe2 N@h3+ 32. Kg2 Qxf2+ 33. Kh1 P@g2# 
{LINDEGREN checkmated} 0-1

[Event "fics rated crazyhouse match"]
[Site "fics, Oklahoma City, OK USA"]
[Date "2000.12.25"]
[White "Thufir"]
[WhiteElo "2345"]
[Black "LINDEGREN"]
[BlackElo "2327"]
[TimeControl "60+0"]
[Result "0-1"]

1. e4 Nf6 2. e5 Nc6 3. exf6 gxf6 4. d3 d5 5. Be2 Rg8 6. Nf3 
Bg4 7. Rg1 P@e4 8. Nh4 Bxe2 9. Qxe2 Nd4 10. B@a4+ B@c6 11. Bxc6+ bxc6 
12. Qd1 B@g4 13. Qd2 exd3 14. Qxd3 e5 15. B@b7 P@e4 16. Qd2 Bh6 17. P@e3 
Bf3 18. N@g3 Bxg2 19. exd4 Bxd2+ 20. Bxd2 Q@b5 21. Bxc6+ Qxc6 22. N@f5 Qxc2 
23. P@e7 Qxe7 24. Nxe7 Rxg3 25. Q@h8+ B@g8 26. B@c6+ P@d7 27. Bxd7+ Kxd7 28. P@c6+ 
Ke6 29. Rxg2 N@f3+ 30. Kf1 P@e2+ 31. Kxe2 Qd3+ 32. Kd1 P@c2+ 33. Kc1 cxb1=Q+ 
34. Rxb1 Qxd2# 
{Thufir checkmated} 0-1

[Event "fics rated crazyhouse match"]
[Site "fics, Oklahoma City, OK USA"]
[Date "2000.12.25"]
[White "LINDEGREN"]
[WhiteElo "2335"]
[Black "Thufir"]
[BlackElo "2337"]
[TimeControl "60+0"]
[Result "0-1"]

1. e4 e6 2. Nc3 d6 3. d4 Nf6 4. Nf3 Be7 5. Bd3 Nc6 6. O-O 
e5 7. d5 Nb4 8. Nd4 Nxd3 9. cxd3 exd4 10. Ne2 B@b6 11. N@f5 Bxf5 
12. exf5 N@h4 13. B@e6 fxe6 14. fxe6 Nxd5 15. Ng3 O-O 16. P@f7+ Kh8 17. Ne4 
B@f5 18. Qh5 P@g6 19. Qd1 Bxe6 20. Bd2 Bxf7 21. Rc1 P@e3 22. fxe3 dxe3 
23. Bxe3 Bxe3+ 24. P@f2 Bxc1 25. Qxc1 P@f3 26. B@h3 N@e2+ 27. Kh1 Nxc1 28. Rxc1 
fxg2+ 29. Bxg2 Nxg2 30. P@h6 gxh6 31. N@g4 B@f3 32. Kg1 Bxg4 33. P@g7+ Kxg7 
{LINDEGREN resigns} 0-1

[Event "fics rated crazyhouse match"]
[Site "fics, Oklahoma City, OK USA"]
[Date "2000.12.25"]
[White "Thufir"]
[WhiteElo "2345"]
[Black "LINDEGREN"]
[BlackElo "2327"]
[TimeControl "60+0"]
[Result "0-1"]

1. e4 Nf6 2. e5 Nc6 3. exf6 gxf6 4. d4 d5 5. Nf3 Rg8 6. Bb5 
P@e4 7. Bxc6+ bxc6 8. Nh4 Bg4 9. Qd2 B@g5 10. Qxg5 fxg5 11. O-O gxh4 
12. B@g5 Bf3 13. N@f4 Rxg5 14. N@g3 hxg3 15. fxg3 Bxg2 16. Kxg2 N@h4+ 17. Kg1 
N@h3+ 18. Kh1 Nxf4 19. P@g2 P@h3 20. Rf2 B@f3 21. gxf3 exf3 22. B@f1 P@g2+ 
23. Rxg2 hxg2+ 24. Bxg2 fxg2+ 25. Kg1 R@f1# 
{Thufir checkmated} 0-1

[Event "fics rated crazyhouse match"]
[Site "fics, Oklahoma City, OK USA"]
[Date "2000.12.25"]
[White "LINDEGREN"]
[WhiteElo "2335"]
[Black "Thufir"]
[BlackElo "2337"]
[TimeControl "60+0"]
[Result "0-1"]

1. e4 e6 2. Nc3 Nc6 3. d4 Bb4 4. a3 Bxc3+ 5. bxc3 d5 6. e5 
Nge7 7. Nh3 Nf5 8. Bb5 Bd7 9. O-O Nxe5 10. Bxd7+ Nxd7 11. B@g5 P@f6 
12. Bgf4 B@e4 13. f3 Bxc2 14. Qxc2 N@g6 15. B@g4 P@g5 16. Bg3 Nxg3 17. hxg3 
B@c4 18. B@e2 Bxe2 19. Qxe2 B@a6 20. Qf2 Bxf1 21. Qxf1 f5 22. Bh5 Nf6 
23. Bxg5 Nxh5 24. Bxd8 Nxg3 25. P@d7+ Kxd8 26. B@g5+ P@f6 27. Bxf6+ gxf6 28. P@g7 
R@h1+ 29. Kf2 Rxf1+ 30. Rxf1 B@e3+ 31. Kxg3 f4+ 32. Nxf4 Q@h4# 
{LINDEGREN checkmated} 0-1

[Event "fics rated crazyhouse match"]
[Site "fics, Oklahoma City, OK USA"]
[Date "2000.12.25"]
[White "Thufir"]
[WhiteElo "2345"]
[Black "LINDEGREN"]
[BlackElo "2327"]
[TimeControl "60+0"]
[Result "0-1"]

1. e4 Nf6 2. e5 Nc6 3. exf6 gxf6 4. Nf3 d5 5. Be2 Rg8 6. Nc3 
P@e4 7. Nh4 e5 8. d3 exd3 9. Bxd3 Bg4 10. P@f3 e4 11. Bb5 exf3 
12. Nxf3 Bxf3 13. Qxf3 N@e5 14. Qf5 Rxg2 15. B@h3 P@e6 16. P@d7+ Qxd7 17. Bxc6 
bxc6 18. Qh5 B@g6 19. Qe2 P@d3 20. cxd3 Bxd3 21. Qe3 d4 22. Qxe5 fxe5 
23. N@f6+ Kd8 24. Nxd7 dxc3 25. Bg5+ P@e7 26. N@b7+ Kc8 27. Nb6+ Kxb7 28. N@c5+ 
Kxb6 29. Q@b7+ Kxc5 30. Be3+ P@d4 31. Bxd4+ exd4 32. b3 Kd6 
{Thufir forfeits on time} 0-1

[Event "fics rated crazyhouse match"]
[Site "fics, Oklahoma City, OK USA"]
[Date "2000.12.25"]
[White "LINDEGREN"]
[WhiteElo "2335"]
[Black "Thufir"]
[BlackElo "2337"]
[TimeControl "60+0"]
[Result "1-0"]

1. e4 e6 2. Nc3 d6 3. d4 Be7 4. Nf3 Nf6 5. Bd3 Bd7 6. O-O 
Nc6 7. Be3 e5 8. d5 Nb4 9. Be2 O-O 10. a3 Na6 11. Ng5 Nc5 
12. Bxc5 dxc5 13. Nxf7 Rxf7 14. P@e6 Rf8 15. exd7 Nxd7 16. B@e6+ P@f7 17. Bxd7 
Qxd7 18. N@f5 N@d4 19. N@h6+ gxh6 20. Nxh6+ Kh8 21. Bg4 Qd8 22. P@e6 fxe6 
23. dxe6 P@g7 24. Nf7+ Rxf7 25. exf7 N@f6 26. P@g5 Nxg4 27. R@g8+ Qxg8 28. fxg8=Q+ 
Kxg8 29. Qxg4 B@e6 30. N@h6+ gxh6 31. gxh6+ Kf8 32. P@g7+ Ke8 33. g8=Q+ B@f8 
34. Q8xe6 Nxe6 35. Qxe6 N@h3+ 36. Qxh3 B@d7 37. B@f7+ Kxf7 38. Qxd7 B@e6 39. N@h8+ 
Kg8 40. Qxe6+ P@f7 41. Qxf7+ Kxh8 42. Q@g8# 
{Thufir checkmated} 1-0

[Event "fics rated crazyhouse match"]
[Site "fics, Oklahoma City, OK USA"]
[Date "2000.12.25"]
[White "Thufir"]
[WhiteElo "2329"]
[Black "LINDEGREN"]
[BlackElo "2343"]
[TimeControl "60+0"]
[Result "0-1"]

1. e4 Nf6 2. e5 Nc6 3. exf6 gxf6 4. Nf3 d5 5. N@h5 Rg8 6. Nf4 
Bg4 7. Be2 e5 8. Nd3 e4 9. Nc3 exf3 10. Bxf3 Bxf3 11. Qxf3 N@e5 
12. Qxd5 B@e6 13. Qb5 Nxd3+ 14. cxd3 N@f4 15. B@e4 P@d5 16. Bf3 Qd7 17. P@e3 
Nxd3+ 18. Qxd3 Ne5 19. Qe2 Nxf3+ 20. Qxf3 P@e4 21. Qf4 B@e5 22. Qh4 Bxc3 
23. dxc3 Rxg2 24. B@b3 N@f3+ 25. Kd1 Nxh4 26. N@d4 P@d3 27. P@e2 Nf3 28. exf3 
exf3 29. N@f4 Rxf2 30. N@e2 fxe2+ 31. Ndxe2 dxe2+ 32. Nxe2 P@d3 33. N@f4 dxe2+ 
34. Nxe2 P@d3 35. Nd4 N@f3 36. Bd2 Nxd4 37. cxd4 Rxd2+ 38. Kxd2 N@e4+ 39. Ke1 
Q@f2+ 40. Kd1 Qd2# 
{Thufir checkmated} 0-1

[Event "fics rated crazyhouse match"]
[Site "fics, Oklahoma City, OK USA"]
[Date "2000.12.25"]
[White "LINDEGREN"]
[WhiteElo "2351"]
[Black "Thufir"]
[BlackElo "2321"]
[TimeControl "60+0"]
[Result "0-1"]

1. e4 e6 2. Nc3 Nc6 3. d4 Nf6 4. Nf3 Bb4 5. Bd3 d5 6. exd5 
exd5 7. Qe2+ P@e4 8. P@g5 Qe7 9. gxf6 gxf6 10. N@g7+ Kd8 11. Bb5 Bg4 
12. Bxc6 bxc6 13. N@b7+ Kc8 14. Nc5 Bxc5 15. dxc5 Bxf3 16. gxf3 N@d4 17. B@a6+ 
P@b7 18. Bxb7+ Kxb7 19. B@a6+ Kb8 20. P@b7 Nxe2 21. bxa8=Q+ Kxa8 22. Nxe2 exf3 
23. N@e3 B@a5+ 24. Nc3 P@b7 25. Bxb7+ Kxb7 26. P@b5 Q@e2# 
{LINDEGREN checkmated} 0-1

[Event "fics rated crazyhouse match"]
[Site "fics, Oklahoma City, OK USA"]
[Date "2000.12.25"]
[White "Thufir"]
[WhiteElo "2330"]
[Black "LINDEGREN"]
[BlackElo "2342"]
[TimeControl "60+0"]
[Result "1-0"]

1. e4 Nf6 2. e5 Nc6 3. exf6 gxf6 4. Nf3 d5 5. Rg1 Rg8 6. Be2 
Bg4 7. N@e3 Bxf3 8. Bxf3 P@e4 9. Bg4 Ne5 10. B@f5 Nxg4 11. Nxg4 e6 
12. Bxh7 Rg7 13. P@d7+ Kxd7 14. N@e5+ fxe5 15. Nxe5+ Kc8 16. P@g6 fxg6 17. Bxg6 
Bd6 18. Nf7 Qe7 19. Nxd6+ cxd6 20. B@h5 B@b5 21. P@h7 N@h8 22. d3 exd3 
23. cxd3 N@d4 24. P@c2 Rxg6 25. Bxg6 Nxg6 26. R@g8+ N@f8 27. h8=Q Nxh8 28. Rxh8 
P@e2 29. Qd2 B@b4 30. c3 Bxd3 31. Qxd3 B@e4 32. Qxd4 Bxb1 33. Qd2 N@c2+ 
34. Kxe2 Nxa1 35. Rxf8+ Qxf8 36. P@d7+ Kxd7 37. B@b5+ P@c6 38. N@g6 P@d3+ 39. Bxd3 
Bxd3+ 40. Qxd3 Qf7 41. N@f6+ Kc7 42. N@f8 B@c4 43. Qxc4 
{LINDEGREN forfeits on time} 1-0